 Dungeon Crawl Stone Soup version 0.31-a0-256-g80acddb972 (webtiles) character file.

Game seed: 1952342209115233447

405 Morbidden the Changeling (level 6, 0/41 HPs)
             Began as a Vampire Shapeshifter on July 13, 2023.
             Was an Initiate of Cheibriados.
             Slain by an orc
             ... wielding a +0 war axe
              (6 damage)
             ... on level 4 of the Dungeon.
             The game lasted 00:03:35 (2550 turns).

Morbidden the Changeling (Vampire Shapeshifter)     Turns: 2550, Time: 00:03:36

Health: 0/41       AC:  8    Str: 16 (17) XL:     6   Next: 56%
Magic:  8/8        EV:  8    Int:  9 (11) God:    Cheibriados [......]
Gold:   297        SH:  0    Dex: 16      Spells: 8/8 levels left

rFire   . .          .
                       - Unarmed
rCold   . . .        (no shield)
rNeg    . . .        n - +0 chain mail
rPois   .            (helmet currently unavailable)
rElec   .            (cloak currently unavailable)
rCorr   .            (gloves currently unavailable)
SInv    +            (boots currently unavailable)
Will    .....        (no amulet) Stlth
                     (no ring)
HPRegen 0.46/turn    (no ring)
MPRegen 0.11/turn

%: no passive effects
@: beast-form, healing quickly, very slow
A: beast (slay +3), alive, fangs 3, see invisible, vampiric 2, [frail 1]
a: Exsanguinate, Renounce Religion


You were on level 4 of the Dungeon.
You worshipped Cheibriados.
Cheibriados was noncommittal.
You were a hulking beast.
You visited 2 branches of the dungeon, and saw 5 of its levels.

You collected 297 gold pieces.

Inventory:

Armour
 i - a +2 robe of positive energy
 n - a +0 chain mail (worn)
Talismans
 c - a beast talisman
Wands
 j - a wand of charming (6)
Scrolls
 f - a scroll of silence {unknown}
 g - 2 scrolls of vulnerability {unknown}
 h - a scroll of poison {unknown}
 k - a scroll of enchant armour {unknown}
 l - 9 scrolls of identify {unknown}
 o - a scroll of teleportation {unknown}
Potions
 a - 3 potions of brilliance {unknown}
 b - a potion of lignification
 d - 3 potions of degeneration {unknown}
 e - 2 potions of might {unknown}
 m - a potion of enlightenment {unknown}


   Skills:
 * Level 2.6 Fighting
 * Level 3.1 Dodging
 + Level 2.4 Stealth
 * Level 4.6 Unarmed Combat
 * Level 1.5 Spellcasting
 * Level 0.2 Invocations
 * Level 4.7 Shapeshifting


You had 8 spell levels left.
You didn't know any spells.
Your spell library contained the following spells:

 Spells                   Type           Power      Damage    Failure   Level
 Apportation              Tloc           0%         N/A       99%         1
 Necrotise                Necr           0%         1d4       99%         1
 Sting                    Tmut/Pois      0%         1d3       99%         1
 Summon Small Mammal      Summ           0%         N/A       99%         1
 Poisonous Vapours        Pois/Air       0%         N/A       100%        2
 Olgreb's Toxic Radiance  Pois           0%         N/A       100%        4


Dungeon Overview and Level Annotations

Branches:
Dungeon (4/15)             Temple (1/1) D:4

Altars:
Cheibriados
Dithmenos
Okawaru

Shops:
D:2 :


Innate Abilities, Weirdness & Mutations

You are a hulking beast.
Your limbs bulge with bestial killing power. (Slay +3)
Your natural rate of healing is accelerated.
You have razor-sharp teeth.
You have supernaturally acute eyesight. (SInv)
You are afflicted with vampirism and can become a bat while bloodless.
[You are frail. (-10% HP)]


Message History

An orc comes into view.
It is wielding a +2 short sword of electrocution.
The orc moves out of view.
A jackal comes into view.
The orc shouts!
The jackal barks!
An orc comes into view. It is wielding a +0 war axe.
There are monsters nearby!
A jackal comes into view.
The jackal barks!
There are monsters nearby!
The orc hits you from afar with a +1 trident of flaming.
The orc burns you. The orc hits you but does no damage.
The orc barely misses you. The orc hits you with a +0 club.
There are monsters nearby!
You barely miss the orc. The orc hits you but does no damage.
The orc closely misses you.
There are monsters nearby!
You hit the orc but do no damage. The orc hits you but does no damage.
The orc hits you from afar with a +1 trident of flaming.
The orc burns you.
You punch the orc!
You kill the orc!
Cheibriados thoroughly appreciates the change of pace.
The jackal bites you. The orc hits you but does no damage.
The orc hits you from afar with a +1 trident of flaming.
The orc burns you.
You hit the jackal.
You kill the jackal!
Cheibriados thoroughly appreciates the change of pace.
Unknown command.
The orc hits you from afar with a +1 trident of flaming.
The orc burns you.
The orc hits you from afar with a +1 trident of flaming.
* * * LOW HITPOINT WARNING * * *
The orc burns you.
* * * LOW HITPOINT WARNING * * *
The orc hits you with a +0 war axe.
* * * LOW HITPOINT WARNING * * *
Unknown command.
The orc attacks as you move away! The orc hits you with a +0 war axe.
You die...

# ######### .....<..#
#######.########### #
#.#.......ho#
#.#.#######)h...... #.#.#
.oo.....# #######.#.###
.#........
............###.#.#####.#
####.##.........#.# #
##....>...#.###.#.#
##............#.#.#
#.............#.#.#


You could see 3 orcs and a jackal.

Vanquished Creatures
  Sigmund (D:2)
  A phantom (D:3)
  A scorpion (D:4)
  A hound (D:4)
  A sleepcap (D:4)
  A dart slug (D:4)
  6 orcs
  4 bats
  8 endoplasms
  3 giant cockroaches
  4 goblins
  4 hobgoblins
  6 jackals
  6 kobolds
  2 quokkas
  6 ball pythons
  4 rats
59 creatures vanquished.

Notes
Turn   | Place    | Note
-------+----------+-------------------------------------------
     0 | D:1      | Morbidden the Vampire Shapeshifter began the quest for the
                  | Orb.
     0 | D:1      | Reached XP level 1. HP: 16/16 MP: 1/1
   186 | D:1      | Reached XP level 2. HP: 21/22 MP: 2/2
   527 | D:2      | Noticed Sigmund
   538 | D:2      | Killed Sigmund
   539 | D:2      | Reached skill level 1 in Stealth
   539 | D:2      | Reached skill level 1 in Spellcasting
   539 | D:2      | Gained mutation: You are afflicted with vampirism and can
                  | become a bat while bloodless. [Vampire growth]
   539 | D:2      | Reached XP level 3. HP: 18/27 MP: 2/4
   539 | D:2      | Reached XP level 4. HP: 22/33 MP: 2/5
   539 | D:2      | Reached XP level 5. HP: 25/38 MP: 2/6
  1026 | D:2      | Found Zudes's Book Emporium.
  1279 | D:3      | Noticed a phantom
  1300 | D:3      | Killed a phantom
  1691 | D:3      | Found an iron altar of Okawaru.
  2120 | D:4      | Reached XP level 6. HP: 40/40 MP: 7/7
  2230 | D:4      | Found a staircase to the Ecumenical Temple.
  2240 | Temple   | Entered the Ecumenical Temple
  2250 | Temple   | Became a worshipper of Cheibriados the Contemplative
  2550 | D:4      | Slain by an orc

Illustrated notes

Levels and vault maps discovered:
D:1:      roderic_dead_forest, layout_rooms
D:2:      layout_loops_ring, serial_shops, shop, uniq_sigmund,
          uniq_crazy_yiuf_cottage
D:3:      layout_basic, marbit_many_paths
D:4:      layout_loops_ring, minmay_temple_entry_slanted
Temple:   jpeg_temple_clearing

Skill      XL: |  1  2  3  4  5 |
---------------+----------------+-----
Fighting       | 2 |  2.6
Stealth        | 1 2 |  2.4
Unarmed Combat | 3 4 |  4.6
Spellcasting   | 1 |  1.5
Shapeshifting  | 4 |  4.7
Dodging        | 3 |  3.1
Invocations    | |  0.2

Action                     |  1- 3 |  4- 6 || total
---------------------------+-------+-------++-------
  Melee: Unarmed           |    46 |   131 ||   177
         Bite              |     4 |    15 ||    19
         Punch             |     2 |     4 ||     6
Ability: Bat Form          |       |     1 ||     1
         Exsanguinate      |       |     1 ||     1
         Revivify          |       |     1 ||     1
   Stab: Sleeping          |     3 |     8 ||    11
         Distracted        |     1 |       ||     1
 Armour: Animal skin       |    13 |     5 ||    18
         Chain mail        |       |    18 ||    18
         Robe              |       |     8 ||     8
  Dodge: Dodged            |    29 |    66 ||    95
   Form: Beast             |       |     1 ||     1

Table legend: (Time is in decaauts)
 A = Elapsed time spent in this place.
 B = Non-inter-level travel time spent in this place.
 C = Inter-level travel time spent in this place.
 D = Time resting spent in this place.
 E = Time spent auto-exploring this place.
 F = Levels seen in this place.
 G = Mean time per level.
                   A        B        C        D        E       F      G
               +--------+--------+--------+--------+--------+-----+--------+
         Total |   2376 |   2277 |     99 |     30 |   1791 |   5 |  475.2 |
       Dungeon |   2352 |   2265 |     87 |     30 |   1787 |   4 |  588.0 |
        Temple |     23 |     12 |     11 |      0 |      4 |   1 |   23.0 |
               +--------+--------+--------+--------+--------+-----+--------+

Top non-repeatable levels by time:
     D:3: 824 daAuts
     D:2: 691 daAuts
     D:4: 477 daAuts
     D:1: 359 daAuts
  Temple: 23 daAuts
